 Dungeon Crawl Stone Soup version 0.19.4 (webtiles) character file.

140 Naow the Firebug (level 5, -8/28 HPs)
             Began as a Deep Elf Fire Elementalist on Feb 5, 2017.
             Mangled by an ogre
             ... wielding a +0 giant club
              (30 damage)
             ... on level 4 of the Dungeon.
             The game lasted 00:04:15 (3308 turns).

Naow the Firebug (Deep Elf Fire Elementalist)       Turns: 3308, Time: 00:04:16

Health: -8/28      AC:  2    Str:  5    XL:     5   Next: 2%
Magic:  8/13       EV: 13    Int: 21    God:
Gold:   140        SH:  0    Dex: 15    Spells: 4 memorised, 2 levels left

rFire  . . .     SeeInvis .     s - +1 dagger (venom)
rCold  . . .     Gourm    .     a - +0 robe
rNeg   . . .     Faith    .     (no shield)
rPois  .         Spirit   .     (no helmet)
rElec  .         Reflect  .     (no cloak)
rCorr  .         Harm     .     (no gloves)
MR     .....                    (no boots)
Stlth  ++........               (no amulet)
                                (no ring)
                                (no ring)

@: no status effects
A: no striking features
a: no special abilities


You were on level 4 of the Dungeon.
You were not hungry.

You visited 1 branch of the dungeon, and saw 4 of its levels.

You collected 140 gold pieces.

Inventory:

Hand Weapons
 f - a +2 dagger of speed
 s - a +1 dagger of venom (weapon)
Armour
 a - a +0 robe (worn)
 o - a cursed +0 chain mail
 x - a +2 robe of magic resistance
Wands
 q - a wand of slowing (15/48)
Scrolls
 d - 2 scrolls of fog {unknown}
 e - 3 scrolls of teleportation {unknown}
 i - 2 scrolls of noise {unknown}
 j - 3 scrolls of enchant armour {unknown}
 k - a scroll of magic mapping {unknown}
 l - 4 scrolls of fear {unknown}
 p - 2 scrolls of identify {unknown}
 t - a scroll of remove curse {unknown}
 v - a scroll of random uselessness {unknown}
Potions
 h - 2 potions of curing {unknown}
 n - a potion of lignification {unknown}
 r - a potion of agility {unknown}
 u - a potion of mutation {unknown}
 z - a potion of cancellation {unknown}
Books
 b - a book of Flames

   Spells                             Type                      Level
   a - Flame Tongue                   Conjuration/Fire             1
   b - Throw Flame                    Conjuration/Fire             2
   c - Conjure Flame                  Conjuration/Fire             3
   d - Inner Flame                    Hexes/Fire                   3
   e - Sticky Flame                   Conjuration/Fire             4
   f - Fireball                       Conjuration/Fire             5
Comestibles
 c - 4 bread rations
 g - 4 meat rations
 m - a beef jerky
 w - 5 fruits
 A - a chunk of flesh


   Skills:
 + Level 0.4 Short Blades
 + Level 3.2 Dodging
 + Level 3.0 Stealth
 + Level 4.3 Spellcasting
 + Level 1.9 Conjurations
 + Level 4.7 Fire Magic


You had 2 spell levels left.
You knew the following spells:

 Your Spells              Type           Power        Failure   Level  Hunger
a - Flame Tongue          Conj/Fire      ###..        3%          1    None
b - Throw Flame           Conj/Fire      ###...       6%          2    #......
c - Conjure Flame         Conj/Fire      ###.....     12%         3    ##.....
d - Sticky Flame          Conj/Fire      ###.....     34%         4    ####...


Dungeon Overview and Level Annotations

Branches:
Dungeon (4/15)
 Temple: D:4-7

Altars:
Makhleb


Message History

Confirm with . or Enter, or press ? or * to list all spells.
You can't see any susceptible monsters within range! (Use Z to cast anyway.)
Casting: Flame Tongue
Confirm with . or Enter, or press ? or * to list all spells.
Aiming: Flame Tongue
Press: ? - help, Shift-Dir - straight line, f - ogre
Aim: an ogre, wielding a giant club The flame tongue hits the ogre.
The ogre is heavily wounded.
Casting: Flame Tongue
Confirm with . or Enter, or press ? or * to list all spells.
Aiming: Sticky Flame
Press: ? - help, Shift-Dir - straight line, f/p - ogre
Aim: an ogre, wielding a giant club (heavily wounded)
The sticky flame hits the ogre.
The ogre is severely wounded.
The ogre is covered in liquid flames!
The ogre burns!
The ogre hits you with a giant club!!
Ouch! That really hurt!
You die...

...........# #.#
............##.#
...........##.?
...........#.#
............#
...........##
............# ##
............##.#
......O@.##...#
........###...##
........##.....#
.......###.#####
##+###..#..#
#....## #.....##
..... +......##
......
#...##..##


You could see an ogre (burning).

Vanquished Creatures
  A hound skeleton (D:3)
  A hound zombie (D:3)
  A howler monkey skeleton (D:3)
  An adder (D:3)
  An ooze (D:1)
  3 worms
  2 leopard geckos (D:3)
  3 orcs (D:3)
  A ball python (D:1)
  5 bats
  3 giant cockroaches
  5 goblins
  8 hobgoblins
  10 jackals
  7 frilled lizards
  2 jackal skeletons (D:3)
  A jackal zombie (D:3)
  13 kobolds
  A leopard gecko zombie (D:3)
  A quokka zombie (D:3)
  5 rats
75 creatures vanquished.

Notes
Turn   | Place    | Note
-------+----------+-------------------------------------------
     0 | D:1      | Naow the Deep Elf Fire Elementalist began the quest for the Orb.
     0 | D:1      | Reached XP level 1. HP: 10/10 MP: 6/6
   256 | D:1      | Reached XP level 2. HP: 15/15 MP: 6/8
   708 | D:1      | Reached XP level 3. HP: 19/19 MP: 6/9
  1175 | D:1      | Found a burning altar of Makhleb.
  1672 | D:2      | Learned a level 2 spell: Throw Flame
  1676 | D:2      | Learned a level 3 spell: Conjure Flame
  2168 | D:3      | Reached XP level 4. HP: 24/24 MP: 4/11
  2231 | D:3      | Learned a level 4 spell: Sticky Flame
  3227 | D:4      | Reached XP level 5. HP: 15/28 MP: 6/13
  3304 | D:4      | Noticed an ogre
  3308 | D:4      | Mangled by an ogre

Skill      XL: |  1  2  3  4 |
---------------+-------------+-----
Dodging        | 3 |  3.2
Fire Magic     | 4 |  4.7
Stealth        | 3 |  3.0
Spellcasting   | 4 |  4.3
Short Blades   | |  0.4
Conjurations   | |  1.9

Action                   |  1- 3 |  4- 6 || total
-------------------------+-------+-------++-------
Melee: Dagger            |    12 |     1 ||    13
 Cast: Flame Tongue      |    80 |    59 ||   139
       Throw Flame       |       |     1 ||     1
       Sticky Flame      |       |     1 ||     1
  Eat: Chunk             |     4 |     3 ||     7
Armor: Robe              |     5 |     3 ||     8
Dodge: Dodged            |    22 |    22 ||    44
